 Dungeon Crawl Stone Soup version 0.31-a0-986-g5e6e4ef867 (webtiles) character file.

Game seed: 14545798841667337915

12523 Lobster4 the Skirmisher (level 11, -10/102 HPs)
             Began as a Minotaur Hunter on Nov 5, 2023.
             Was a High Priest of Trog.
             Killed from afar by Jorgrun (26 damage)
             ... with an iron shot
             ... on level 9 of the Dungeon.
             The game lasted 00:41:28 (11270 turns).

Lobster4 the Skirmisher (Minotaur Hunter)          Turns: 11270, Time: 00:41:29

Health: -10/102    AC: 13    Str: 16    XL:     11   Next: 63%
Magic:  19/19      EV: 12    Int:  6    God:    Trog [*****.]
Gold:   175        SH:  5    Dex: 24    Spells: 10/10 levels left

rFire   . . .        B - +2 dagger (venom)
rCold   . . .        (no shield)
rNeg    . . .        i - +0 acid dragon scales
rPois   .            (helmet restricted)
rElec   .            g - +0 cloak
rCorr   +            l - +0 pair of gloves
SInv    .            w - +0 pair of boots
Will    .....        q - amulet of reflection
Stlth   ++           p - +6 ring of dexterity
HPRegen 0.37/turn    F - ring of magical power
MPRegen 0.16/turn

%: reflection
@: about to teleport, grasped by roots, constricted
A: horns 2, retaliatory headbutt
a: Renounce Religion, Berserk, Trog's Hand, Brothers in Arms


You were on level 9 of the Dungeon.
You worshipped Trog.
Trog was extremely pleased with you.
You visited 2 branches of the dungeon, and saw 12 of its levels.

You collected 575 gold pieces.
You spent 400 gold pieces at shops.

Inventory:

Hand Weapons
 a - a +1 shortbow of flaming
 b - a +5 falchion
 j - a +0 dagger
 o - a +1 scimitar of holy wrath
 x - a +5 dagger
 y - a +0 sling
 z - a +3 antimagic short sword
 B - a +2 dagger of venom (weapon)
 D - a +0 orcbow of draining
 G - a +0 rapier of flaming
Missiles
 h - 2 curare-tipped darts
 s - 42 poisoned darts
Armour
 g - a +0 cloak (worn)
 i - +0 acid dragon scales (worn)
 l - a +0 pair of gloves (worn)
 v - a +2 chain mail of cold resistance
 w - a +0 pair of boots (worn)
Jewellery
 p - a +6 ring of dexterity (left hand)
 q - an amulet of reflection (around neck)
 F - a ring of magical power (right hand)
Wands
 u - a wand of light (3)
Scrolls
 d - 2 scrolls of teleportation
 e - 2 scrolls of revelation
 A - 2 scrolls of fog
 C - a scroll of enchant weapon
Potions
 m - 9 potions of curing
 n - 2 potions of enlightenment
 t - a potion of lignification
 E - 2 potions of ambrosia
Miscellaneous
 c - a box of beasts (inert)


   Skills:
 + Level 11.1 Fighting
 - Level 2.0(2.1) Short Blades
 - Level 1.2(2.0) Long Blades
 * Level 14.5 Ranged Weapons
 - Level 10.0 Armour
 - Level 5.0 Dodging
 - Level 1.0 Stealth
 - Level 3.0 Evocations


You had 10 spell levels left.
You didn't know any spells.
Your spell library was empty.

Dungeon Overview and Level Annotations

Branches:
Dungeon (11/15)            Temple (0/1) D:7             Orc (1/2) D:9
   Lair: D:8-11

Altars:
Ashenzari
Elyvilon
Hepliaklqana
Trog
Xom

Shops:
D:3 :   D:7 ?

Annotations:
D:6 3 runed translucent doors, croobank's ghost, novice OpFE
D:9 Jorgrun


Innate Abilities, Weirdness & Mutations

You have a pair of horns on your head.
You reflexively headbutt those who attack you in melee.


Message History

You block Jorgrun's attack.
You climb upwards.
Welcome back to the Dungeon!
There is a staircase to the Orcish Mines, spattered with blood here.
Your +1 shortbow of flaming stops flaming.
Your +2 dagger of venom begins to drip with poison!
B - a +2 dagger of venom (weapon)
Jorgrun hits you with a staff of earth. Jorgrun shatters you.
You hit Jorgrun but do no damage. Your headbutt misses Jorgrun.
Jorgrun hits you with a staff of earth. Jorgrun misses you.
You furiously retaliate!
You headbutt Jorgrun! You hit Jorgrun.
Jorgrun is lightly wounded.
Jorgrun completely misses you.
You hit Jorgrun but do no damage.
Jorgrun is poisoned.
Jorgrun is lightly wounded.
Jorgrun gestures at you while chanting.
Roots burst forth from the earth!
The grasping roots grab you! The grasping roots constrict you!
You completely miss Jorgrun. Your headbutt misses Jorgrun.
Jorgrun is lightly wounded.
You block Jorgrun's attack. The grasping roots constrict you!
As you read the scroll of teleportation, it crumbles to dust.
You feel strangely unstable.
Jorgrun points at you and mumbles some strange words.
The iron shot hits you!!
* * * LOW HITPOINT WARNING * * *
The grasping roots constrict you.
* * * LOW HITPOINT WARNING * * *
You feel much better. Jorgrun hits you but does no damage.
Jorgrun shatters you. The grasping roots constrict you!
* * * LOW HITPOINT WARNING * * *
You hit Jorgrun but do no damage.
Jorgrun looks as sick as possible!
Your headbutt misses Jorgrun.
Jorgrun is lightly wounded.
You hit Jorgrun.
Jorgrun looks as sick as possible!
Jorgrun is lightly wounded.
Jorgrun gestures at you while chanting. The iron shot hits you!!
You die...

......#####)[).>...##............
......# ###.))......####......#
......# ####...)...#.#####......#
......# #.......[.......####'####
###'### ###8'8#####8'8### #.####
##.# #......8......# #....# #..#
#.............########'#
##.#######...⌠.[_..⌠...##........
#........#.....)@......##........
#........#......>g.....##........
#........################........
#......<.###.......### #........
#........#.'.......+.####........
#........#.#.......#...##........
#...^....#.#.......###..#........
#..........#.......# ##>'........
#..........####'#### ###.....<..


You could see Jorgrun (extremely poisoned).

Vanquished Creatures
  An orc high priest (D:9)
  A cyclops (Orc:1)
  A gargoyle (D:10)
  An unseen horror (D:7)
  A freezing wraith (D:7)
  Jeremiah (D:9)
  Prince Ribbit (D:8)
  A polar bear (shapeshifter) (D:7)
  A hornet (D:7)
  19 yaks
  A wyvern (D:5)
  A basilisk (D:7)
  Eustachio (D:4)
  Menkaure (D:7)
  A steam dragon (D:6)
  An acid dragon (D:7)
  A water moccasin (D:8)
  Duvessa (D:7)
  7 orc warriors
  4 ice beasts
  5 sky beasts
  A phantom (D:6)
  5 centaurs
  2 ogres
  6 kobold brigands
  6 bullfrogs
  A gnoll sergeant (D:7)
  4 scorpions
  13 wights
  Dowan (D:7)
  4 howler monkeys
  A jelly (D:8)
  3 hounds
  11 orc priests
  Crazy Yiuf (D:3)
  5 iguanas
  14 orc wizards
  2 scorpion zombies (D:3)
  A hound skeleton (D:3)
  8 gnolls
  5 adders
  2 shadow imps
  2 white imps (D:7)
  3 ufetubi
  An adder zombie (D:3)
  2 adder skeletons (D:3)
  3 worms (D:2)
  4 dart slugs
  49 orcs
  6 ball pythons
  8 bats
  6 endoplasms
  2 giant cockroaches (D:2)
  6 goblins
  3 hobgoblins
  22 jackals
  3 quokkas
  A ball python skeleton (D:3)
  5 frilled lizards
  A jackal skeleton (D:3)
  37 kobolds
  5 rats
317 creatures vanquished.

Vanquished Creatures (collateral kills)
  A two-headed ogre (D:10)
  A yak (D:10)
  A kobold brigand (D:10)
  An orc priest (Orc:1)
  3 kobolds (D:10)
7 creatures vanquished.

Grand Total: 324 creatures vanquished

Notes
Turn   | Place    | Note
-------+----------+-------------------------------------------
     0 | D:1      | Lobster4 the Minotaur Hunter began the quest for the Orb.
     0 | D:1      | Reached XP level 1. HP: 18/18 MP: 0/0
    46 | D:1      | Reached skill level 1 in Stealth
    51 | D:1      | Reached XP level 2. HP: 19/25 MP: 1/1
   348 | D:1      | Reached skill level 1 in Armour
   396 | D:1      | Found a faded altar of an unknown god.
   591 | D:1      | Reached XP level 3. HP: 29/30 MP: 2/2
   792 | D:1      | Reached skill level 1 in Short Blades
  1519 | D:3      | Reached skill level 5 in Ranged Weapons
  1557 | D:3      | Reached XP level 4. HP: 38/38 MP: 3/3
  1625 | D:3      | Found a runed translucent door.
  1626 | D:3      | Noticed Crazy Yiuf
  1761 | D:3      | You fall into a shaft and drop 3 floors!
  1773 | D:5      | Entered Level 5 of the Dungeon
  1773 | D:5      | Noticed a scorpion
  1775 | D:5      | Killed a scorpion
  1776 | D:5      | Reached XP level 5. HP: 45/45 MP: 4/4
  1830 | D:5      | Reached XP level 6. HP: 51/52 MP: 5/5
  1850 | D:5      | Reached skill level 6 in Ranged Weapons
  1873 | D:5      | Noticed a wyvern
  1969 | D:5      | Found a bloodstained altar of Trog.
  1980 | D:5      | Became a worshipper of Trog the Wrathful
  2143 | D:4      | Noticed an ice beast
  2180 | D:3      | Found Vifroung's Book Shoppe.
  2217 | D:4      | Noticed Eustachio
  2411 | D:3      | Reached * piety under Trog
  2510 | D:3      | Reached XP level 7. HP: 60/60 MP: 6/6
  2850 | D:3      | Reached skill level 7 in Ranged Weapons
  3324 | D:4      | Reached skill level 5 in Fighting
  3476 | D:4      | Killed Eustachio
  3668 | D:5      | Reached XP level 8. HP: 42/68 MP: 7/7
  3755 | D:5      | Reached ** piety under Trog
  4318 | D:6      | Reached skill level 8 in Ranged Weapons
  4318 | D:6      | Reached skill level 5 in Dodging
  4322 | D:6      | Reached skill level 5 in Armour
  4610 | D:6      | Found a runed translucent gate.
  4610 | D:6      | Found a runed translucent gate.
  4610 | D:6      | Found a runed translucent gate.
  4611 | D:6      | Noticed croobank's ghost (novice OpFE)
  4816 | D:6      | Found a hazy altar of Hepliaklqana.
  4890 | D:6      | Reached skill level 1 in Long Blades
  4890 | D:6      | Reached skill level 1 in Evocations
  5179 | D:7      | Reached skill level 9 in Ranged Weapons
  5202 | D:7      | Found Deir's Magic Scroll Boutique.
  5234 | D:7      | Bought a scroll of summoning for 152 gold pieces
  5234 | D:7      | Bought a scroll of identify for 32 gold pieces
  5262 | D:7      | Reached XP level 9. HP: 71/78 MP: 8/8
  5288 | D:7      | Bought a scroll of identify for 32 gold pieces
  5438 | D:7      | Found a staircase to the Ecumenical Temple.
  5510 | D:7      | Found a shimmering altar of Xom.
  5674 | D:7      | Reached skill level 10 in Ranged Weapons
  5704 | D:7      | Reached *** piety under Trog
  5805 | D:7      | Noticed Duvessa
  5805 | D:7      | Noticed Dowan
  5812 | D:7      | Killed Dowan
  5817 | D:7      | Killed Duvessa
  5990 | D:7      | Noticed a polar bear
  6006 | D:7      | Killed a polar bear
  6010 | D:7      | Killed an unseen horror
  6011 | D:7      | Reached skill level 11 in Ranged Weapons
  6239 | D:3      | Killed Crazy Yiuf
  6423 | D:5      | Reached XP level 10. HP: 55/88 MP: 9/9
  6675 | D:7      | Noticed Menkaure
  6680 | D:7      | Killed Menkaure
  6811 | D:7      | Found a broken altar of Ashenzari.
  7476 | D:7      | Bought a scroll of revelation for 120 gold pieces
  7642 | D:8      | Reached **** piety under Trog
  7773 | D:8      | Noticed Prince Ribbit
  7784 | D:8      | Killed Prince Ribbit
  7785 | D:8      | Reached skill level 12 in Ranged Weapons
  8616 | D:9      | Noticed Jeremiah
  8697 | D:9      | Killed Jeremiah
  8819 | D:9      | Found a white marble altar of Elyvilon.
  9151 | D:9      | Reached skill level 13 in Ranged Weapons
  9162 | D:9      | Reached XP level 11. HP: 92/98 MP: 10/10
  9260 | D:9      | Reached skill level 10 in Fighting
  9278 | D:9      | Found a staircase to the Orcish Mines.
  9488 | D:9      | Reached ***** piety under Trog
  9582 | D:10     | Entered Level 10 of the Dungeon
 10015 | D:10     | Noticed a two-headed ogre
 10025 | D:10     | Killed a two-headed ogre
 10032 | D:10     | Reached skill level 10 in Armour
 10051 | D:10     | Reached skill level 14 in Ranged Weapons
 10534 | D:7      | Bought a scroll of identify for 32 gold pieces
 10534 | D:7      | Bought a scroll of identify for 32 gold pieces
 10683 | D:11     | Noticed a red ugly thing
 10733 | Lair:5   | Identified the "Bocuedol"
 10733 | Orc:1    | Entered Level 1 of the Orcish Mines
 10733 | Orc:1    | Noticed an orc high priest
 10745 | D:9      | Killed an orc high priest
 11242 | Orc:1    | Noticed Jorgrun
 11270 | D:9      | Killed from afar by Jorgrun

Illustrated notes

Levels and vault maps discovered:
D:1:      zelgadis_glass_arrival_small, layout_loops_ring,
          shapermc_ecumenical_altar_petra
D:2:      layout_basic, minmay_pentomino_x2
D:3:      layout_loops_ring, serial_undead, serial_undead_d, serial_undead_a,
          serial_undead_f, serial_undead_b, serial_shops, shop,
          chequers_serial_rivers_room_b, grunt_ministairs_1,
          uniq_crazy_yiuf_cottage
D:4:      layout_basic, kennysheep_nondescript, uniq_eustachio
D:5:      layout_loops_ring, lemuel_tele_altar, abandoned_shop
D:6:      layout_cave_pools, nicolae_hepliaklqana_hazy_memory,
          ebering_ghost_rock_garden
D:7:      nzn_winding_woodlands_cross [nzn_winding_woodlands_5x15_eye,
          nzn_winding_woodlands_5x15_pathside_ponds,
          nzn_winding_woodlands_5x15_sidewinder,
          nzn_winding_woodlands_5x15_pool,
          nzn_winding_woodlands_15x15_thick_spiral], layout_gridville,
          kennysheep_mini, nicolae_ashenzari_panopticon,
          kennysheep_windowed_goal, uniq_menkaure, uniq_duvessa
D:8:      layout_basic, grunt_ministairs_13, interstate_on_off,
          uniq_prince_ribbit1
D:9:      layout_roguey, elyvilon_altar_5, david_orc_5,
          chequers_decorated_corner, uniq_jeremiah
D:10:     layout_cross
D:11:     layout_roguey, due_lair_maze_entry_diamond, serial_shops,
          nicolae_shop_statue_plus
Orc:1:    layout_diamond_mine, uniq_jorgrun

Skill      XL: |  1  2  3  4  5  6  7  8  9 10 11 |
---------------+----------------------------------+-----
Stealth        | 1 |  1.0
Armour         | 1 2 3 4 5 7 9 10 | 10.0
Short Blades   | 1 2 |  2.0
Fighting       | 3 4 5 6 8 9 11 | 11.1
Ranged Weapons | 5 6 7 9 11 13 14 | 14.5
Dodging        | 3 4 5 |  5.0
Long Blades    | 1 |  1.2
Evocations     | 1 3 |  3.0

Action                     |  1- 3 |  4- 6 |  7- 9 | 10-12 || total
---------------------------+-------+-------+-------+-------++-------
  Melee: Dagger            |     8 |     1 |    59 |    11 ||    79
         Headbutt          |     1 |       |    10 |     1 ||    12
         Punch             |       |       |     1 |       ||     1
   Fire: Shortbow          |   149 |   115 |   341 |   503 ||  1108
  Throw: Dart              |       |       |     7 |     2 ||     9
  Evoke: Wand              |       |       |     6 |     3 ||     9
         Box of beasts     |       |       |       |     1 ||     1
    Use: Scroll            |     6 |     1 |    11 |     7 ||    25
         Potion            |       |       |     2 |     5 ||     7
   Stab: Sleeping          |       |     1 |       |     1 ||     2
         Invisible         |       |       |     4 |     2 ||     6
 Armour: Leather armour    |    39 |    40 |    14 |       ||    93
         Ring mail         |       |       |    95 |    11 ||   106
         Acid dragon scale |       |       |       |   118 ||   118
  Dodge: Dodged            |    46 |    47 |   121 |   122 ||   336
  Block: Other             |       |       |    45 |    40 ||    85
         Reflection        |       |       |     2 |     7 ||     9

Table legend: (Time is in decaauts)
 A = Elapsed time spent in this place.
 B = Non-inter-level travel time spent in this place.
 C = Inter-level travel time spent in this place.
 D = Time resting spent in this place.
 E = Time spent auto-exploring this place.
 F = Levels seen in this place.
 G = Mean time per level.
                   A        B        C        D        E       F      G
               +--------+--------+--------+--------+--------+-----+--------+
         Total |  11228 |  10202 |   1026 |   1628 |   6025 |  12 |  935.7 |
       Dungeon |  11103 |  10078 |   1025 |   1597 |   6009 |  11 | 1009.4 |
  Orcish Mines |    124 |    124 |      0 |     31 |     16 |   1 |  124.0 |
               +--------+--------+--------+--------+--------+-----+--------+

Top non-repeatable levels by time:
     D:7: 2050 daAuts
     D:9: 1366 daAuts
     D:5: 1269 daAuts
     D:8: 1174 daAuts
     D:3: 1096 daAuts
     D:4: 880 daAuts
     D:2: 855 daAuts
    D:10: 851 daAuts
     D:1: 809 daAuts
     D:6: 725 daAuts
   Orc:1: 124 daAuts
    D:11: 24 daAuts
